Pirates vs Ice Hogs

Created - Sunday, March 01, 2015 at 22:55

Goals
1 2 3 T
Pirates 0 0 1 1
Ice Hogs 0 1 1 2
Shots
1 2 3 T
Pirates 10 5 8 23
Ice Hogs 8 9 9 26

1st period

No Goal

Penalties :
Zach Redmond (RIH) for Fighting (Major) at 1:17, David Steckel (POR) for Fighting (Major) at 1:17, Jean-Philippe Cote (RIH) for Fighting (Major) at 1:25, Vincent LoVerde (POR) for Fighting (Major) at 1:25, Vincent LoVerde (POR) for Slashing (Minor) at 7:44, Dan DaSilva (RIH) for Tripping (Minor) at 11:50

2nd period

1. Ice Hogs , Jason Garrison 31 (Derek Roy, Scott Darling) at 4:58

Penalties :
No Penalty

3rd period

2. Pirates , Nick Johnson 11 (Peter Holland, Andrej Sustr) at 6:30
3. Ice Hogs , Travis Morin 31 (Jason Garrison, Seth Griffith) at 9:27 (PP)

Penalties :
Brandon Gormley (RIH) for Hooking (Minor) at 4:07, Andrew Alberts (POR) for Hooking (Minor) at 8:53, Seth Griffith (RIH) for Roughing (Minor) at 10:25

Goalie Stats

Malcolm Subban (POR), 24 saves from 26 shots - (0.923), L, 13-4-12, 60:00 minutes
Scott Darling (RIH), 22 saves from 23 shots - (0.957), W, 56-3-6, 60:00 minutes

Players Stats for Pirates

Player Name              G  A  P  +/- PIM S  H  SB GA TA FO     MP     PP MP  PK MP  
------------------------------------------------------------------------------------
Andrej Sustr             0  1  1   0  0   5  1  2  2  4  0/0    23:38   3:19   0:54 
Andrew Alberts           0  0  0   0  2   0  0  3  0  2  0/0    26:42   2:18   1:59 
Bobby Butler             0  0  0   0  0   3  1  0  0  0  1/6    23:01   3:03   1:50 
Brandon Segal            0  0  0  -1  0   2  2  0  1  2  0/0    19:28   2:54   0:00 
Dan Kelly                0  0  0   0  0   1  0  0  0  0  0/0     4:17   0:00   0:00 
David Steckel            0  0  0  -1  5   1  1  0  0  1  4/11   18:57   2:26   0:43 
Duncan Siemens           0  0  0   0  0   0  0  0  0  0  0/0    15:18   1:01   0:00 
Eric Tangradi            0  0  0  -1  0   3  0  1  1  0  1/1    17:49   2:54   0:00 
Freddie Hamilton         0  0  0   1  0   1  1  0  2  0  0/1    17:04   0:00   0:00 
Gilbert Brule            0  0  0   0  0   3  0  1  5  0  2/8    21:50   3:03   1:50 
Greg Rallo               0  0  0   0  0   0  0  0  0  0  0/0     1:27   0:00   0:00 
Henrik Tommernes         0  0  0   0  0   1  1  2  0  1  0/0    26:51   2:38   1:39 
Nick Johnson             1  0  1   1  0   2  1  0  0  1  2/3    17:05   0:00   0:00 
Peter Holland            0  1  1   1  0   0  0  0  1  0  5/5    19:15   0:28   0:00 
Ryan Craig               0  0  0   0  0   1  1  0  0  2  1/2    18:23   3:03   0:43 
Ryan Stoa                0  0  0   0  0   0  0  0  2  0  0/1     1:24   0:00   0:00 
Tobias Rieder            0  0  0   0  0   0  0  0  0  0  0/0     0:44   0:00   0:00 
Vincent LoVerde          0  0  0   0  7   0  2  3  0  1  0/0    24:05   2:38   0:34 

Players Stats for Ice Hogs

Player Name              G  A  P  +/- PIM S  H  SB GA TA FO     MP     PP MP  PK MP  
------------------------------------------------------------------------------------
Ben Holmstrom            0  0  0   0  0   1  2  0  1  0  0/0    11:09   0:00   0:00 
Brandon Gormley          0  0  0   0  2   0  0  1  2  0  0/0    18:35   0:36   0:00 
Dan DaSilva              0  0  0   0  2   0  0  0  1  1  0/0    14:07   0:00   0:56 
Derek Roy                0  1  1   0  0   0  1  1  7  0  7/11   15:45   0:55   0:00 
Dylan Olsen              0  0  0   0  0   2  1  1  0  1  0/0    23:10   1:57   2:18 
Frank Corrado            0  0  0   0  0   1  1  1  0  1  0/0    20:23   0:00   3:39 
J.T. Miller              0  0  0   0  0   1  0  0  1  0  0/0    15:45   0:55   0:00 
Jason Garrison           1  1  2   0  0   5  1  3  2  4  0/0    24:22   1:57   2:18 
Jean-Philippe Cote       0  0  0   0  5   1  2  1  0  1  0/0    19:03   0:36   3:39 
Michael Bournival        0  0  0   0  0   2  3  0  4  0  4/6    15:31   0:00   2:43 
Oscar Lindberg           0  0  0   0  0   1  3  0  0  1  2/5    12:47   0:00   0:00 
Peter LeBlanc            0  0  0   0  0   0  3  0  1  0  3/6    11:09   0:00   0:00 
Roman Horak              0  0  0   0  0   5  2  1  1  0  0/0    16:53   1:38   2:57 
Sean Wiles               0  0  0   0  0   0  2  0  0  0  0/0    11:09   0:00   0:00 
Seth Griffith            0  1  1   0  2   1  0  0  0  0  0/0    16:23   1:38   2:04 
Tanner Pearson           0  0  0   0  0   2  2  0  1  0  0/0    15:45   0:55   0:00 
Travis Morin             1  0  1   0  0   2  5  0  2  1  6/10   17:34   1:38   3:14 
Zach Redmond             0  0  0   0  5   2  2  0  0  0  0/0    14:23   0:00   0:00 

3 Stars

1 - Jason Garrison (RIH)
2 - Scott Darling (RIH)
3 - Travis Morin (RIH)

Power Play

Pirates - 0 on 3 Attempt(s) - 0.00%
Ice Hogs - 1 on 2 Attempt(s) - 50.00%

Penalty Kill

Pirates - 1 on 2 Attempt(s) - 50.00% - Score 0 goal in Penalty Kill
Ice Hogs - 3 on 3 Attempt(s) - 100.00% - Score 0 goal in Penalty Kill

Team Stat

Pirates - Hits : 11 - Faceoff Wins : 16 - Blocked Shots : 12 - Penalty Minutes : 14
Ice Hogs - Hits : 30 - Faceoff Wins : 22 - Blocked Shots : 9 - Penalty Minutes : 16

Official

Referees : Unknown
Linesman : Unknown

Game Notes

Zach Redmond beats up David Steckel at 1:17 of 1st period
Jean-Philippe Cote beats up Vincent LoVerde at 1:25 of 1st period
Ryan Stoa is injured at 6:50 of 1st period (Lower Body)

Finance

Level 1 -- Attendance: 1454 (72.70%) -- Ticket Income $50,890
Level 2 -- Attendance: 767 (76.70%) -- Ticket Income $11,505
Total Attendance: 2221 (74.03%)
Total Ticket Income: $62,395
Other Income: $30,574
Total Income: $92,969

Pirates

5 vs 5 Forward 
   Center                   Left Wing                Right Wing               Time % Phy DF OF 
 1 Gilbert Brule            Ryan Craig               Bobby Butler             35     1   2  2  
 2 David Steckel            Eric Tangradi            Brandon Segal            30     1   2  2  
 3 Peter Holland            Nick Johnson             Freddie Hamilton         22     1   2  2  
 4 Ryan Stoa                Bobby Butler             Gilbert Brule            13     1   2  2  

5 vs 5 Defense 
   Defense                  Defense                                           Time % Phy DF OF 
 1 Andrej Sustr             Andrew Alberts                                    35     1   2  2  
 2 Henrik Tommernes         Vincent LoVerde                                   30     1   2  2  
 3 Andrew Alberts           Vincent LoVerde                                   22     1   2  2  
 4 Henrik Tommernes         Andrew Alberts                                    13     1   2  2  

PowerPlay Forward 
   Center                   Left Wing                Right Wing               Time % Phy DF OF 
 1 Gilbert Brule            Ryan Craig               Bobby Butler             60     1   2  2  
 2 David Steckel            Eric Tangradi            Brandon Segal            40     1   2  2  

PowerPlay Defense
   Defense                  Defense                                           Time % Phy DF OF 
 1 Andrej Sustr             Andrew Alberts                                    60     1   2  2  
 2 Henrik Tommernes         Vincent LoVerde                                   40     1   2  2  

Penalty Kill 4 Players Forward 
   Center                   Wing                     Time % Phy DF OF 
 1 Bobby Butler             Gilbert Brule            60     1   2  2  
 2 David Steckel            Ryan Craig               40     1   2  2  

Penalty Kill 4 Players Defense
   Defense                  Defense                  Time % Phy DF OF 
 1 Andrej Sustr             Andrew Alberts           60     1   2  2  
 2 Henrik Tommernes         Vincent LoVerde          40     1   2  2  

Penalty Kill - 3 Players Forward 
   Forward                                           Time % Phy DF OF 
 1 Bobby Butler                                      60     1   2  2  
 2 Gilbert Brule                                     40     1   2  2  

Penalty Kill - 3 Players Defense
   Defense                  Defense                  Time % Phy DF OF 
 1 Andrej Sustr             Andrew Alberts           60     1   2  2  
 2 Henrik Tommernes         Vincent LoVerde          40     1   2  2  

4 vs 4 Forward 
   Center                   Wing                     Time % Phy DF OF 
 1 Bobby Butler             Gilbert Brule            60     1   2  2  
 2 David Steckel            Ryan Craig               40     1   2  2  

4 vs 4 Defense
   Defense                  Defense                  Time % Phy DF OF 
 1 Andrej Sustr             Andrew Alberts           60     1   2  2  
 2 Henrik Tommernes         Vincent LoVerde          40     1   2  2  

Last Minutes Offensive
   Center                   Left Wing                Right Wing               Defense                  Defense                  
   Gilbert Brule            Ryan Craig               Bobby Butler             Andrej Sustr             Andrew Alberts           

Last Minutes Defensive
   Center                   Left Wing                Right Wing               Defense                  Defense                  
   Gilbert Brule            Ryan Craig               Bobby Butler             Andrej Sustr             Andrew Alberts           

Goaltenders
Starting : Malcolm Subban           
Backup : Magnus Hellberg          

Extra Forwards
Normal : Peter Holland, Nick Johnson, Ryan Stoa - PP : Peter Holland, Nick Johnson - PK : Ryan Stoa
Extra Defensemen
Normal : Andrew Alberts, Vincent LoVerde, Henrik Tommernes - PP : Andrew Alberts - PK : Andrew Alberts, Henrik Tommernes
Penalty Shots
Bobby Butler, Gilbert Brule, David Steckel, Ryan Craig, Brandon Segal

Ice Hogs

5 vs 5 Forward 
   Center                   Left Wing                Right Wing               Time % Phy DF OF 
 1 Derek Roy                Tanner Pearson           J.T. Miller              30     1   2  2  
 2 Travis Morin             Roman Horak              Seth Griffith            25     1   2  2  
 3 Oscar Lindberg           Michael Bournival        Dan DaSilva              25     1   2  2  
 4 Peter LeBlanc            Sean Wiles               Ben Holmstrom            20     1   2  2  

5 vs 5 Defense 
   Defense                  Defense                                           Time % Phy DF OF 
 1 Jason Garrison           Dylan Olsen                                       30     1   2  2  
 2 Frank Corrado            Jean-Philippe Cote                                30     1   2  2  
 3 Zach Redmond             Brandon Gormley                                   30     1   2  2  
 4 Jason Garrison           Dylan Olsen                                       10     1   2  2  

PowerPlay Forward 
   Center                   Left Wing                Right Wing               Time % Phy DF OF 
 1 Derek Roy                Tanner Pearson           J.T. Miller              50     1   2  2  
 2 Travis Morin             Roman Horak              Seth Griffith            50     1   2  2  

PowerPlay Defense
   Defense                  Defense                                           Time % Phy DF OF 
 1 Jason Garrison           Dylan Olsen                                       50     1   2  2  
 2 Brandon Gormley          Jean-Philippe Cote                                50     1   2  2  

Penalty Kill 4 Players Forward 
   Center                   Wing                     Time % Phy DF OF 
 1 Michael Bournival        Roman Horak              50     1   2  2  
 2 Travis Morin             Seth Griffith            50     1   2  2  

Penalty Kill 4 Players Defense
   Defense                  Defense                  Time % Phy DF OF 
 1 Jason Garrison           Dylan Olsen              50     1   2  2  
 2 Frank Corrado            Jean-Philippe Cote       50     1   2  2  

Penalty Kill - 3 Players Forward 
   Forward                                           Time % Phy DF OF 
 1 Roman Horak                                       50     1   2  2  
 2 Michael Bournival                                 50     1   2  2  

Penalty Kill - 3 Players Defense
   Defense                  Defense                  Time % Phy DF OF 
 1 Jason Garrison           Dylan Olsen              50     1   2  2  
 2 Frank Corrado            Jean-Philippe Cote       50     1   2  2  

4 vs 4 Forward 
   Center                   Wing                     Time % Phy DF OF 
 1 Travis Morin             Seth Griffith            50     1   2  2  
 2 Derek Roy                J.T. Miller              50     1   2  2  

4 vs 4 Defense
   Defense                  Defense                  Time % Phy DF OF 
 1 Jason Garrison           Dylan Olsen              50     1   2  2  
 2 Frank Corrado            Jean-Philippe Cote       50     1   2  2  

Last Minutes Offensive
   Center                   Left Wing                Right Wing               Defense                  Defense                  
   Derek Roy                Tanner Pearson           J.T. Miller              Jason Garrison           Dylan Olsen              

Last Minutes Defensive
   Center                   Left Wing                Right Wing               Defense                  Defense                  
   Travis Morin             Roman Horak              Seth Griffith            Jason Garrison           Dylan Olsen              

Goaltenders
Starting : Scott Darling            
Backup : Rob Madore               

Extra Forwards
Normal : Travis Morin, Michael Bournival, Derek Roy - PP : Tanner Pearson, Peter LeBlanc - PK : Dan DaSilva
Extra Defensemen
Normal : Jean-Philippe Cote, Brandon Gormley, Jason Garrison - PP : Zach Redmond - PK : Brandon Gormley, Zach Redmond
Penalty Shots
Roman Horak, Travis Morin, Derek Roy, Seth Griffith, Tanner Pearson

% Time on Ice - Pirates

Lines # - Real PCT - Wanted PCT - Time Play
Normal Forward
1 - 22% - 35% - 11:03
2 - 31% - 30% - 15:51
3 - 28% - 22% - 14:12
4 - 19% - 13% - 9:37
Normal Defense
1 - 40% - 35% - 20:25
2 - 39% - 30% - 19:55
3 - 14% - 22% - 6:56
4 - 7% - 13% - 3:27
PP Forward
1 - 51% - 60% - 3:03
2 - 49% - 40% - 2:54
PP Defense
1 - 56% - 60% - 3:19
2 - 44% - 40% - 2:38
PK Forward
1 - 72% - 60% - 1:50
2 - 28% - 40% - 0:43
PK Defense
1 - 35% - 60% - 0:54
2 - 65% - 40% - 1:39
PK3 Forward
1 - 0% - 60%
2 - 0% - 40%
PK3 Defense
1 - 0% - 60%
2 - 0% - 40%
44 Forward
1 - 0% - 60%
2 - 0% - 40%
44 Defense
1 - 0% - 60%
2 - 0% - 40%
Last Minute Offensive  - 0:47
Last Minute Defensive  - 0:00
Total
Forward - 60:00
Defense - 60:00

% Time on Ice - Ice Hogs

Lines # - Real PCT - Wanted PCT - Time Play
Normal Forward
1 - 29% - 30% - 14:52
2 - 24% - 25% - 12:06
3 - 25% - 25% - 12:47
4 - 22% - 20% - 11:09
Normal Defense
1 - 29% - 30% - 14:43
2 - 32% - 30% - 16:14
3 - 34% - 30% - 17:06
4 - 6% - 10% - 2:51
PP Forward
1 - 36% - 50% - 0:55
2 - 64% - 50% - 1:38
PP Defense
1 - 76% - 50% - 1:57
2 - 24% - 50% - 0:36
PK Forward
1 - 46% - 50% - 2:43
2 - 54% - 50% - 3:14
PK Defense
1 - 39% - 50% - 2:18
2 - 61% - 50% - 3:39
PK3 Forward
1 - 0% - 50%
2 - 0% - 50%
PK3 Defense
1 - 0% - 50%
2 - 0% - 50%
44 Forward
1 - 0% - 50%
2 - 0% - 50%
44 Defense
1 - 0% - 50%
2 - 0% - 50%
Last Minute Offensive  - 0:00
Last Minute Defensive  - 0:36
Total
Forward - 60:00
Defense - 60:00

Play by Play

1st period


0:01 of 1st period - Derek Roy wins face-off versus Gilbert Brule in neutral zone.
0:10 of 1st period - Snap shot by J.T. Miller.
0:10 of 1st period - Shot Blocked by Andrew Alberts.
0:12 of 1st period - Slapshot by Dylan Olsen.
0:12 of 1st period - Shot Misses the Net.
0:14 of 1st period - Slapshot by Dylan Olsen.
0:14 of 1st period - Stopped by Malcolm Subban with a rebound.
0:16 of 1st period - Slapshot by Jason Garrison.
0:16 of 1st period - Stopped by Malcolm Subban without a rebound.
0:17 of 1st period - Derek Roy wins face-off versus Gilbert Brule in Pirates zone.
0:20 of 1st period - Backhand shot by J.T. Miller.
0:20 of 1st period - Shot Blocked by Gilbert Brule.
0:22 of 1st period - Slapshot by Jason Garrison.
0:22 of 1st period - Stopped by Malcolm Subban with a rebound.
0:24 of 1st period - Slapshot by Dylan Olsen.
0:24 of 1st period - Stopped by Malcolm Subban without a rebound.
0:25 of 1st period - Travis Morin wins face-off versus David Steckel in Pirates zone.
0:56 of 1st period - Snap shot by Travis Morin.
0:56 of 1st period - Shot Misses the Net.
1:17 of 1st period - Zach Redmond beats up David Steckel.
1:17 of 1st period - Penalty to Zach Redmond for Fighting.
1:17 of 1st period - Penalty to David Steckel for Fighting.
1:18 of 1st period - Peter Holland wins face-off versus Peter LeBlanc in Pirates zone.
1:18 of 1st period - Peter Holland is hit by Ben Holmstrom.
1:24 of 1st period - Snap shot by Freddie Hamilton.
1:24 of 1st period - Stopped by Scott Darling with a rebound.
1:25 of 1st period - Jean-Philippe Cote beats up Vincent LoVerde.
1:25 of 1st period - Penalty to Jean-Philippe Cote for Fighting.
1:25 of 1st period - Penalty to Vincent LoVerde for Fighting.
1:26 of 1st period - Michael Bournival wins face-off versus Ryan Stoa in Ice Hogs zone.
2:45 of 1st period - Slapshot by Jason Garrison.
2:45 of 1st period - Shot Misses the Net.
2:53 of 1st period - Wrist shot by Sean Wiles.
2:53 of 1st period - Shot Misses the Net.
3:43 of 1st period - Slapshot by Gilbert Brule.
3:43 of 1st period - Shot Misses the Net.
4:23 of 1st period - Roman Horak is hit by Brandon Segal.
4:48 of 1st period - Gilbert Brule is hit by Travis Morin and loses puck.
4:57 of 1st period - Wrist shot by Ryan Craig.
4:57 of 1st period - Shot Misses the Net.
4:59 of 1st period - Slapshot by Andrej Sustr.
4:59 of 1st period - Stopped by Scott Darling with a rebound.
5:01 of 1st period - Snap shot by Bobby Butler.
5:01 of 1st period - Stopped by Scott Darling without a rebound.
5:02 of 1st period - Gilbert Brule wins face-off versus Oscar Lindberg in Ice Hogs zone.
5:11 of 1st period - Snap shot by Peter Holland.
5:11 of 1st period - Shot Misses the Net.
5:49 of 1st period - Eric Tangradi is hit by Peter LeBlanc.
5:50 of 1st period - Icing by Eric Tangradi.
5:51 of 1st period - Nick Johnson wins face-off versus Peter LeBlanc in Pirates zone.
6:06 of 1st period - Bobby Butler is hit by Peter LeBlanc and loses puck.
6:13 of 1st period - Henrik Tommernes is hit by Sean Wiles.
6:37 of 1st period - Wrist shot by Eric Tangradi.
6:37 of 1st period - Shot Blocked by Derek Roy.
6:39 of 1st period - Slapshot by Andrej Sustr.
6:39 of 1st period - Stopped by Scott Darling with a rebound.
6:49 of 1st period - Ryan Stoa is hit by Jean-Philippe Cote and loses puck.
6:50 of 1st period - Ryan Stoa from Pirates is injured at 6:50 of 1st period (Lower Body).
6:51 of 1st period - Derek Roy wins face-off versus Ryan Craig in Pirates zone.
7:19 of 1st period - Slapshot by Gilbert Brule.
7:19 of 1st period - Shot Misses the Net.
7:21 of 1st period - Snap shot by Gilbert Brule.
7:21 of 1st period - Stopped by Scott Darling with a rebound.
7:23 of 1st period - Wrist shot by Gilbert Brule.
7:23 of 1st period - Stopped by Scott Darling with a rebound.
7:25 of 1st period - Wrist shot by Bobby Butler.
7:25 of 1st period - Deflect By Jason Garrison.
7:25 of 1st period - Stopped by Scott Darling with a rebound.
7:27 of 1st period - Slapshot by Andrej Sustr.
7:27 of 1st period - Shot Misses the Net.
7:29 of 1st period - Slapshot by Andrej Sustr.
7:29 of 1st period - Deflect By Gilbert Brule.
7:29 of 1st period - Shot Misses the Net.
7:29 of 1st period - Puck is out of play.
7:30 of 1st period - Nick Johnson wins face-off versus Travis Morin in Ice Hogs zone.
7:31 of 1st period - Backhand shot by Freddie Hamilton.
7:31 of 1st period - Shot Misses the Net.
7:44 of 1st period - Minor Penalty to Vincent LoVerde for Slashing.
7:45 of 1st period - Travis Morin wins face-off versus Bobby Butler in Pirates zone.
8:01 of 1st period - Wrist shot by Travis Morin.
8:01 of 1st period - Stopped by Malcolm Subban with a rebound.
8:03 of 1st period - Slapshot by Jason Garrison.
8:03 of 1st period - Stopped by Malcolm Subban with a rebound.
8:37 of 1st period - Andrej Sustr is hit by Tanner Pearson and loses puck.
9:24 of 1st period - Snap shot by Travis Morin.
9:24 of 1st period - Shot Misses the Net.
9:26 of 1st period - Slapshot by Jean-Philippe Cote.
9:26 of 1st period - Shot Blocked by Henrik Tommernes.
9:44 of 1st period - Penalty to Vincent LoVerde is over, Vincent LoVerde is back on ice.
10:24 of 1st period - Slapshot by Michael Bournival.
10:24 of 1st period - Stopped by Malcolm Subban with a rebound.
10:26 of 1st period - Slapshot by Jean-Philippe Cote.
10:26 of 1st period - Shot Misses the Net.
10:28 of 1st period - Slapshot by Michael Bournival.
10:28 of 1st period - Shot Blocked by Andrew Alberts.
10:30 of 1st period - Snap shot by Oscar Lindberg.
10:30 of 1st period - Stopped by Malcolm Subban with a rebound.
11:50 of 1st period - Minor Penalty to Dan DaSilva for Tripping.
11:51 of 1st period - Eric Tangradi wins face-off versus Michael Bournival in Ice Hogs zone.
12:46 of 1st period - Wrist shot by Gilbert Brule.
12:46 of 1st period - Shot Blocked by Roman Horak.
13:11 of 1st period - Brandon Segal is hit by Travis Morin and loses puck.
13:28 of 1st period - Vincent LoVerde is hit by Roman Horak and loses puck.
13:35 of 1st period - Slapshot by Henrik Tommernes.
13:35 of 1st period - Stopped by Scott Darling without a rebound.
13:36 of 1st period - Michael Bournival wins face-off versus Bobby Butler in Ice Hogs zone.
13:42 of 1st period - Icing by Andrej Sustr.
13:43 of 1st period - Travis Morin wins face-off versus Gilbert Brule in Pirates zone.
13:47 of 1st period - Icing by Andrew Alberts.
13:48 of 1st period - Travis Morin wins face-off versus Gilbert Brule in Pirates zone.
13:50 of 1st period - Penalty to Dan DaSilva is over, Dan DaSilva is back on ice.
14:35 of 1st period - Wrist shot by J.T. Miller.
14:35 of 1st period - Deflect By Derek Roy.
14:35 of 1st period - Shot Blocked by Vincent LoVerde.
14:35 of 1st period - Puck is out of play.
14:36 of 1st period - Peter LeBlanc wins face-off versus David Steckel in Pirates zone.
15:13 of 1st period - Zach Redmond is hit by Bobby Butler and loses puck.
15:27 of 1st period - Dylan Olsen is hit by Andrej Sustr and loses puck.
16:35 of 1st period - Gilbert Brule is hit by Derek Roy.
16:39 of 1st period - Andrej Sustr is hit by Zach Redmond and loses puck.
17:04 of 1st period - Snap shot by Michael Bournival.
17:04 of 1st period - Shot Misses the Net.
17:42 of 1st period - Slapshot by Eric Tangradi.
17:42 of 1st period - Stopped by Scott Darling with a rebound.
17:44 of 1st period - Slapshot by Vincent LoVerde.
17:44 of 1st period - Shot Misses the Net.
17:46 of 1st period - Snap shot by Eric Tangradi.
17:46 of 1st period - Shot Blocked by Jason Garrison.
17:48 of 1st period - Snap shot by David Steckel.
17:48 of 1st period - Shot Misses the Net.
17:50 of 1st period - Slapshot by Henrik Tommernes.
17:50 of 1st period - Deflect By Eric Tangradi.
17:50 of 1st period - Stopped by Scott Darling with a rebound.
18:57 of 1st period - Brandon Segal is hit by Oscar Lindberg and loses puck.
Goals for this period are 0 for Pirates vs 0 for Ice Hogs.
Shots for this period are 10 for Pirates vs 8 for Ice Hogs.

2nd period


0:01 of 2nd period - Gilbert Brule wins face-off versus Derek Roy in neutral zone.
0:24 of 2nd period - Snap shot by J.T. Miller.
0:24 of 2nd period - Shot Misses the Net.
0:26 of 2nd period - Wrist shot by Tanner Pearson.
0:26 of 2nd period - Stopped by Malcolm Subban with a rebound.
0:28 of 2nd period - Slapshot by Jason Garrison.
0:28 of 2nd period - Deflect By Derek Roy.
0:28 of 2nd period - Shot Misses the Net.
0:28 of 2nd period - Puck is out of play.
0:29 of 2nd period - Oscar Lindberg wins face-off versus David Steckel in Pirates zone.
0:52 of 2nd period - Backhand shot by Dan DaSilva.
0:52 of 2nd period - Shot Misses the Net.
1:47 of 2nd period - Snap shot by Jason Garrison.
1:47 of 2nd period - Shot Misses the Net.
2:14 of 2nd period - Henrik Tommernes is hit by Tanner Pearson and loses puck.
2:21 of 2nd period - Henrik Tommernes is hit by Dylan Olsen and loses puck.
2:53 of 2nd period - Snap shot by Zach Redmond.
2:53 of 2nd period - Stopped by Malcolm Subban with a rebound.
3:07 of 2nd period - Slapshot by Ben Holmstrom.
3:07 of 2nd period - Stopped by Malcolm Subban with a rebound.
3:18 of 2nd period - Icing by Zach Redmond.
3:19 of 2nd period - David Steckel wins face-off versus Oscar Lindberg in Ice Hogs zone.
3:28 of 2nd period - Snap shot by David Steckel.
3:28 of 2nd period - Shot Blocked by Brandon Gormley.
3:38 of 2nd period - David Steckel is hit by Oscar Lindberg and loses puck.
4:09 of 2nd period - Peter Holland is hit by Travis Morin and loses puck.
4:18 of 2nd period - Slapshot by Travis Morin.
4:18 of 2nd period - Shot Misses the Net.
4:28 of 2nd period - Henrik Tommernes is hit by Travis Morin and loses puck.
4:58 of 2nd period - Slapshot by Jason Garrison.
4:58 of 2nd period - Deflect By David Steckel.
4:58 of 2nd period - Goal by Jason Garrison - Pirates : 0 - Ice Hogs : 1.
4:59 of 2nd period - David Steckel wins face-off versus Derek Roy in neutral zone.
5:18 of 2nd period - Wrist shot by Brandon Segal.
5:18 of 2nd period - Shot Misses the Net.
5:20 of 2nd period - Wrist shot by Andrew Alberts.
5:20 of 2nd period - Shot Blocked by Jason Garrison.
5:41 of 2nd period - Icing by Jason Garrison.
5:42 of 2nd period - Oscar Lindberg wins face-off versus Nick Johnson in Ice Hogs zone.
5:57 of 2nd period - Slapshot by Jason Garrison.
5:57 of 2nd period - Shot Misses the Net.
6:01 of 2nd period - Slapshot by Michael Bournival.
6:01 of 2nd period - Stopped by Malcolm Subban with a rebound.
6:31 of 2nd period - Frank Corrado is hit by Ryan Craig and loses puck.
6:42 of 2nd period - Snap shot by Travis Morin.
6:42 of 2nd period - Shot Misses the Net.
6:44 of 2nd period - Snap shot by Travis Morin.
6:44 of 2nd period - Shot Misses the Net.
8:05 of 2nd period - Andrew Alberts is hit by Sean Wiles and loses puck.
8:58 of 2nd period - Snap shot by Eric Tangradi.
8:58 of 2nd period - Stopped by Scott Darling with a rebound.
9:00 of 2nd period - Slapshot by Dan Kelly.
9:00 of 2nd period - Stopped by Scott Darling without a rebound.
9:01 of 2nd period - David Steckel wins face-off versus Travis Morin in Ice Hogs zone.
9:50 of 2nd period - Dylan Olsen is hit by Nick Johnson and loses puck.
10:02 of 2nd period - Henrik Tommernes is hit by Oscar Lindberg and loses puck.
10:32 of 2nd period - Jean-Philippe Cote is hit by Vincent LoVerde and loses puck.
10:58 of 2nd period - Peter LeBlanc is hit by Henrik Tommernes and loses puck.
11:31 of 2nd period - Jean-Philippe Cote is hit by Freddie Hamilton and loses puck.
11:40 of 2nd period - Snap shot by Freddie Hamilton.
11:40 of 2nd period - Shot Misses the Net.
11:42 of 2nd period - Snap shot by Andrej Sustr.
11:42 of 2nd period - Deflect By Derek Roy.
11:42 of 2nd period - Stopped by Scott Darling with a rebound.
11:44 of 2nd period - Slapshot by Andrej Sustr.
11:44 of 2nd period - Shot Blocked by Frank Corrado.
12:06 of 2nd period - Jean-Philippe Cote is hit by Brandon Segal and loses puck.
12:46 of 2nd period - Greg Rallo is hit by Travis Morin and loses puck.
13:22 of 2nd period - Peter Holland is hit by Michael Bournival and loses puck.
13:42 of 2nd period - Off-side.
13:43 of 2nd period - Peter LeBlanc wins face-off versus David Steckel in neutral zone.
14:15 of 2nd period - Backhand shot by Frank Corrado.
14:15 of 2nd period - Shot Blocked by Eric Tangradi.
14:38 of 2nd period - Wrist shot by Gilbert Brule.
14:38 of 2nd period - Stopped by Scott Darling without a rebound.
14:39 of 2nd period - Peter Holland wins face-off versus Travis Morin in Ice Hogs zone.
15:01 of 2nd period - Snap shot by Brandon Segal.
15:01 of 2nd period - Stopped by Scott Darling with a rebound.
15:15 of 2nd period - Snap shot by David Steckel.
15:15 of 2nd period - Shot Misses the Net.
15:17 of 2nd period - Slapshot by Andrew Alberts.
15:17 of 2nd period - Deflect By David Steckel.
15:17 of 2nd period - Shot Misses the Net.
15:17 of 2nd period - Puck is out of play.
15:18 of 2nd period - Derek Roy wins face-off versus David Steckel in Ice Hogs zone.
15:49 of 2nd period - Snap shot by J.T. Miller.
15:49 of 2nd period - Shot Misses the Net.
15:51 of 2nd period - Slapshot by Jason Garrison.
15:51 of 2nd period - Stopped by Malcolm Subban with a rebound.
16:46 of 2nd period - Snap shot by Freddie Hamilton.
16:46 of 2nd period - Deflect By Bobby Butler.
16:46 of 2nd period - Shot Misses the Net.
16:46 of 2nd period - Puck is out of play.
16:47 of 2nd period - Peter LeBlanc wins face-off versus Freddie Hamilton in Ice Hogs zone.
16:56 of 2nd period - Slapshot by Jean-Philippe Cote.
16:56 of 2nd period - Shot Blocked by Henrik Tommernes.
16:58 of 2nd period - Slapshot by Jean-Philippe Cote.
16:58 of 2nd period - Stopped by Malcolm Subban with a rebound.
17:00 of 2nd period - Slapshot by Frank Corrado.
17:00 of 2nd period - Stopped by Malcolm Subban with a rebound.
17:02 of 2nd period - Slapshot by Frank Corrado.
17:02 of 2nd period - Deflect By Ben Holmstrom.
17:02 of 2nd period - Shot Misses the Net.
17:02 of 2nd period - Puck is out of play.
17:03 of 2nd period - David Steckel wins face-off versus Peter LeBlanc in Pirates zone.
17:40 of 2nd period - Vincent LoVerde is hit by Frank Corrado and loses puck.
18:08 of 2nd period - Slapshot by J.T. Miller.
18:08 of 2nd period - Shot Misses the Net.
18:10 of 2nd period - Slapshot by Zach Redmond.
18:10 of 2nd period - Stopped by Malcolm Subban with a rebound.
18:58 of 2nd period - Snap shot by Roman Horak.
18:58 of 2nd period - Shot Misses the Net.
19:00 of 2nd period - Snap shot by Roman Horak.
19:00 of 2nd period - Shot Misses the Net.
19:02 of 2nd period - Slapshot by Roman Horak.
19:02 of 2nd period - Shot Misses the Net.
19:04 of 2nd period - Snap shot by Seth Griffith.
19:04 of 2nd period - Shot Misses the Net.
19:59 of 2nd period - Wrist shot by Freddie Hamilton.
19:59 of 2nd period - Shot Misses the Net.
Goals for this period are 0 for Pirates vs 1 for Ice Hogs.
Shots for this period are 5 for Pirates vs 9 for Ice Hogs.

3rd period


0:01 of 3rd period - Derek Roy wins face-off versus Bobby Butler in neutral zone.
0:05 of 3rd period - Off-side.
0:06 of 3rd period - Derek Roy wins face-off versus Gilbert Brule in neutral zone.
1:10 of 3rd period - Brandon Segal is hit by Roman Horak and loses puck.
1:59 of 3rd period - Nick Johnson is hit by Michael Bournival and loses puck.
2:08 of 3rd period - Wrist shot by Michael Bournival.
2:08 of 3rd period - Shot Blocked by Vincent LoVerde.
2:18 of 3rd period - Sean Wiles is hit by Vincent LoVerde and loses puck.
2:37 of 3rd period - Nick Johnson is hit by Zach Redmond and loses puck.
2:42 of 3rd period - Slapshot by Brandon Gormley.
2:42 of 3rd period - Shot Blocked by Vincent LoVerde.
3:10 of 3rd period - Snap shot by Peter Holland.
3:10 of 3rd period - Shot Misses the Net.
4:07 of 3rd period - Minor Penalty to Brandon Gormley for Hooking.
4:08 of 3rd period - Michael Bournival wins face-off versus David Steckel in Ice Hogs zone.
4:08 of 3rd period - Michael Bournival is hit by David Steckel.
4:33 of 3rd period - Slapshot by Jason Garrison.
4:33 of 3rd period - Shot Misses the Net.
4:35 of 3rd period - Wrist shot by Michael Bournival.
4:35 of 3rd period - Shot Blocked by Andrew Alberts.
4:37 of 3rd period - Snap shot by Roman Horak.
4:37 of 3rd period - Stopped by Malcolm Subban with a rebound.
4:39 of 3rd period - Snap shot by Roman Horak.
4:39 of 3rd period - Stopped by Malcolm Subban with a rebound.
4:41 of 3rd period - Slapshot by Michael Bournival.
4:41 of 3rd period - Deflect By Roman Horak.
4:41 of 3rd period - Stopped by Malcolm Subban without a rebound.
4:42 of 3rd period - Ryan Craig wins face-off versus Michael Bournival in Pirates zone.
5:38 of 3rd period - Snap shot by Jason Garrison.
5:38 of 3rd period - Shot Blocked by Andrej Sustr.
5:44 of 3rd period - Snap shot by David Steckel.
5:44 of 3rd period - Stopped by Scott Darling with a rebound.
5:46 of 3rd period - Slapshot by Andrew Alberts.
5:46 of 3rd period - Shot Misses the Net.
6:07 of 3rd period - Penalty to Brandon Gormley is over, Brandon Gormley is back on ice.
6:28 of 3rd period - Slapshot by Peter Holland.
6:28 of 3rd period - Shot Blocked by Jason Garrison.
6:30 of 3rd period - Wrist shot by Nick Johnson.
6:30 of 3rd period - Goal by Nick Johnson - Pirates : 1 - Ice Hogs : 1.
6:31 of 3rd period - Peter Holland wins face-off versus Oscar Lindberg in neutral zone.
7:50 of 3rd period - Wrist shot by Gilbert Brule.
7:50 of 3rd period - Shot Misses the Net.
7:52 of 3rd period - Wrist shot by Bobby Butler.
7:52 of 3rd period - Stopped by Scott Darling with a rebound.
7:54 of 3rd period - Slapshot by Andrej Sustr.
7:54 of 3rd period - Deflect By Frank Corrado.
7:54 of 3rd period - Stopped by Scott Darling with a rebound.
7:56 of 3rd period - Slapshot by Gilbert Brule.
7:56 of 3rd period - Shot Blocked by Jean-Philippe Cote.
7:58 of 3rd period - Snap shot by Andrej Sustr.
7:58 of 3rd period - Stopped by Scott Darling with a rebound.
8:00 of 3rd period - Slapshot by Andrej Sustr.
8:00 of 3rd period - Shot Misses the Net.
8:21 of 3rd period - Snap shot by J.T. Miller.
8:21 of 3rd period - Shot Misses the Net.
8:37 of 3rd period - Snap shot by J.T. Miller.
8:37 of 3rd period - Stopped by Malcolm Subban with a rebound.
8:39 of 3rd period - Snap shot by Derek Roy.
8:39 of 3rd period - Shot Blocked by Andrej Sustr.
8:41 of 3rd period - Wrist shot by Brandon Gormley.
8:41 of 3rd period - Shot Misses the Net.
8:43 of 3rd period - Snap shot by Tanner Pearson.
8:43 of 3rd period - Stopped by Malcolm Subban with a rebound.
8:53 of 3rd period - Minor Penalty to Andrew Alberts for Hooking.
8:54 of 3rd period - Travis Morin wins face-off versus Bobby Butler in Pirates zone.
8:59 of 3rd period - Slapshot by Jason Garrison.
8:59 of 3rd period - Shot Misses the Net.
9:01 of 3rd period - Slapshot by Travis Morin.
9:01 of 3rd period - Deflect By Roman Horak.
9:01 of 3rd period - Shot Misses the Net.
9:01 of 3rd period - Puck is out of play.
9:02 of 3rd period - Travis Morin wins face-off versus Bobby Butler in Pirates zone.
9:05 of 3rd period - Slapshot by Jason Garrison.
9:05 of 3rd period - Shot Misses the Net.
9:07 of 3rd period - Wrist shot by Roman Horak.
9:07 of 3rd period - Stopped by Malcolm Subban without a rebound.
9:08 of 3rd period - Bobby Butler wins face-off versus Travis Morin in Pirates zone.
9:27 of 3rd period - Slapshot by Travis Morin.
9:27 of 3rd period - Goal by Travis Morin - Pirates : 1 - Ice Hogs : 2.
9:28 of 3rd period - Derek Roy wins face-off versus David Steckel in neutral zone.
9:50 of 3rd period - Slapshot by Brandon Segal.
9:50 of 3rd period - Stopped by Scott Darling with a rebound.
10:25 of 3rd period - Minor Penalty to Seth Griffith for Roughing.
10:26 of 3rd period - Michael Bournival wins face-off versus Gilbert Brule in Ice Hogs zone.
11:00 of 3rd period - Slapshot by Henrik Tommernes.
11:00 of 3rd period - Shot Misses the Net.
11:02 of 3rd period - Snap shot by Henrik Tommernes.
11:02 of 3rd period - Deflect By Ryan Craig.
11:02 of 3rd period - Stopped by Scott Darling with a rebound.
11:23 of 3rd period - Andrej Sustr is hit by Jean-Philippe Cote and loses puck.
11:30 of 3rd period - Henrik Tommernes is hit by Michael Bournival and loses puck.
12:25 of 3rd period - Penalty to Seth Griffith is over, Seth Griffith is back on ice.
12:29 of 3rd period - Wrist shot by Eric Tangradi.
12:29 of 3rd period - Shot Misses the Net.
12:39 of 3rd period - Snap shot by Peter Holland.
12:39 of 3rd period - Shot Misses the Net.
12:41 of 3rd period - Snap shot by Peter Holland.
12:41 of 3rd period - Shot Blocked by Dylan Olsen.
12:49 of 3rd period - Wrist shot by Freddie Hamilton.
12:49 of 3rd period - Shot Misses the Net.
12:51 of 3rd period - Slapshot by Henrik Tommernes.
12:51 of 3rd period - Deflect By Nick Johnson.
12:51 of 3rd period - Stopped by Scott Darling without a rebound.
12:52 of 3rd period - Peter Holland wins face-off versus Derek Roy in Ice Hogs zone.
13:47 of 3rd period - Nick Johnson is hit by Peter LeBlanc and loses puck.
14:00 of 3rd period - Henrik Tommernes is hit by Ben Holmstrom and loses puck.
14:11 of 3rd period - Snap shot by Ryan Craig.
14:11 of 3rd period - Shot Misses the Net.
14:13 of 3rd period - Snap shot by Bobby Butler.
14:13 of 3rd period - Shot Misses the Net.
14:33 of 3rd period - Wrist shot by Michael Bournival.
14:33 of 3rd period - Shot Misses the Net.
15:09 of 3rd period - Gilbert Brule is hit by Jason Garrison and loses puck.
15:19 of 3rd period - Icing by Andrej Sustr.
15:20 of 3rd period - Peter Holland wins face-off versus Derek Roy in Pirates zone.
15:58 of 3rd period - Slapshot by Roman Horak.
15:58 of 3rd period - Stopped by Malcolm Subban with a rebound.
16:00 of 3rd period - Snap shot by Seth Griffith.
16:00 of 3rd period - Stopped by Malcolm Subban with a rebound.
18:45 of 3rd period - Wrist shot by Roman Horak.
18:45 of 3rd period - Shot Misses the Net.
Goals for this period are 1 for Pirates vs 1 for Ice Hogs.
Shots for this period are 8 for Pirates vs 9 for Ice Hogs.


Output by the SimonT Hockey Simulator (STHS) for Eric Dolegowski -- Original Page W3C XHTML 1.0 Valid
Hockey Simulator - Hockey Simulation - Hockey Manager